 Dungeon Crawl Stone Soup version 0.19-a0-414-g76fec5b (webtiles) character file.

742 Kidiri the Firebug (level 7, -17/37 HPs)
             Began as a Deep Elf Fire Elementalist on May 31, 2016.
             Killed from afar by a black bear (36 damage)
             ... with an exploding inner flame
             ... hexed by the player character
             ... on level 4 of the Dungeon.
             The game lasted 00:11:24 (3671 turns).

Kidiri the Firebug (Deep Elf Fire Elementalist)     Turns: 3671, Time: 00:11:25

Health: -17/37     AC:  5    Str:  5    XL:     7   Next: 47%
Magic:  13/16      EV: 12    Int: 22    God:
Gold:   238        SH:  4    Dex: 17    Spells: 6 memorised, 0 levels left

rFire  . . .     SeeInvis .     y - +1 dagger
rCold  . . .     Gourm    .     m - +1 robe {MR+}
rNeg   . . .     Faith    .     i - +0 buckler
rPois  .         Spirit   .     (helmet restricted)
rElec  .         Dismiss  .     k - +1 cloak
rCorr  .         Reflect  .     (no gloves)
SustAt .         Harm     +     (no boots)
MR     +....                    o - amulet of harm
Stlth  ++........               (no ring)
                                (no ring)

@: somewhat resistant to hostile enchantments, unstealthy
A: horns 1, agile 1, low mp 1
a: no special abilities


You were on level 4 of the Dungeon.
You were not hungry.

You visited 1 branch of the dungeon, and saw 4 of its levels.

You collected 238 gold pieces.

Inventory:

Hand Weapons
 y - a +1 dagger (weapon)
Armour
 i - a +0 buckler (worn)
 k - a +1 cloak (worn)
 m - a +1 robe of magic resistance (worn)
 n - a +0 leather armour
 t - a cursed +0 helmet
Jewellery
 o - an amulet of harm (around neck)
Scrolls
 h - 2 scrolls of fear
 j - a scroll of magic mapping
 u - a scroll of remove curse
Potions
 e - a potion of resistance
 f - 5 potions of curing
 p - a potion of berserk rage
 r - 3 potions of flight
 s - 2 potions of heal wounds
 w - a potion of ambrosia
Books
 b - a book of Flames

   Spells                             Type                      Level
   a - Flame Tongue                   Conjuration/Fire             1
   b - Throw Flame                    Conjuration/Fire             2
   c - Conjure Flame                  Conjuration/Fire             3
   d - Inner Flame                    Hexes/Fire                   3
   e - Sticky Flame                   Conjuration/Fire             4
   f - Fireball                       Conjuration/Fire             5
Comestibles
 c - 4 bread rations
 d - 3 meat rations
 g - a royal jelly
 q - a beef jerky


   Skills:
 + Level 0.5 Fighting
 + Level 0.6 Short Blades
 + Level 0.5 Armour
 + Level 2.6 Dodging
 - Level 2.4 Stealth
 + Level 0.7 Shields
 + Level 6.2 Spellcasting
 + Level 4.2 Conjurations
 * Level 6.8 Fire Magic


You couldn't memorise any spells.
You knew the following spells:

 Your Spells              Type           Power        Failure   Level  Hunger
a - Flame Tongue          Conj/Fire      ####.        1%          1    None
b - Throw Flame           Conj/Fire      ####..       1%          2    None
c - Conjure Flame         Conj/Fire      ####....     4%          3    #......
d - Inner Flame           Hex/Fire       ###.....     12%         3    #......
e - Sticky Flame          Conj/Fire      ####....     14%         4    ###....
f - Fireball              Conj/Fire      ####......   38%         5    #####..


Dungeon Overview and Level Annotations

Branches:
Dungeon (4/15)
 Temple: D:4-7

Altars:


Innate Abilities, Weirdness & Mutations

You have a pair of small horns on your head.
You are agile. (Dex +2)
Your magical capacity is low. (-10% MP)


Message History

Confirm with . or Enter, or press ? or * to list all spells.
Aiming: Flame Tongue
Press: ? - help, Shift-Dir - straight line, f/p - black bear
Aim: a black bear (heavily wounded, inner flame)
The flame tongue hits the black bear.
The black bear is heavily wounded.
The black bear barely misses you.
The black bear claws you but does no damage. x2
Unknown command.
All of the chunks of flesh in your inventory have rotted away.
Casting: Flame Tongue
Confirm with . or Enter, or press ? or * to list all spells.
Aiming: Flame Tongue
Press: ? - help, Shift-Dir - straight line, f/p - black bear
Aim: a black bear (heavily wounded, inner flame)
The flame tongue hits the black bear.
The black bear explodes!
The fiery explosion engulfs you!
Ouch! That really hurt!
You die...

#..##%##...##
#.#
#...###...##
#.# ##.......##
#.# ##.....##
#.# ##.#### #.#
#.# #.# #.# #.#
#.##########.#
#...ยง.@......#
############.#
#.# #.# #.#
#.#######
#......<#
####....#
#....####


There were no monsters in sight!

Vanquished Creatures
  An ice beast (D:4)
  A phantom (D:4)
  2 ogres (D:4)
  3 hounds (D:4)
  2 orc wizards (D:4)
  A giant frog skeleton (D:4)
  Natasha (thrice) (D:3)
  An iguana (D:4)
  4 adders
  A shadow imp (D:4)
  3 oozes
  2 adder skeletons (D:4)
  A worm (D:2)
  4 giant geckos (D:3)
  An orc (D:4)
  7 bats
  3 giant cockroaches
  7 hobgoblins
  2 jackals (D:4)
  6 kobolds
  2 quokkas
  3 ball pythons
  3 giant newts (D:3)
  5 goblins
  5 rats
73 creatures vanquished.

Notes
Turn   | Place    | Note
--------------------------------------------------------------
     0 | D:1      | Kidiri the Deep Elf Fire Elementalist began the quest for the Orb.
     0 | D:1      | Reached XP level 1. HP: 10/10 MP: 6/6
   427 | D:1      | Reached XP level 2. HP: 15/15 MP: 6/8
   431 | D:1      | Learned a level 2 spell: Throw Flame
   803 | D:2      | Gained mutation: You have a pair of small horns on your head. [potion of mutation]
   803 | D:2      | Gained mutation: Your magical capacity is low. (-10% MP) [potion of mutation]
   803 | D:2      | Gained mutation: You are agile. (Dex +2) [potion of mutation]
   832 | D:2      | Reached XP level 3. HP: 19/19 MP: 4/9
   842 | D:2      | Learned a level 3 spell: Conjure Flame
   846 | D:2      | Learned a level 3 spell: Inner Flame
  1622 | D:3      | Reached XP level 4. HP: 24/24 MP: 1/11
  2047 | D:3      | Noticed Natasha
  2056 | D:3      | Killed Natasha
  2308 | D:3      | Noticed Natasha
  2315 | D:3      | Killed Natasha
  2326 | D:3      | Reached XP level 5. HP: 26/28 MP: 1/12
  2337 | D:3      | Learned a level 4 spell: Sticky Flame
  2439 | D:3      | Noticed Natasha
  2441 | D:3      | Killed Natasha
  2758 | D:4      | Reached skill level 5 in Fire Magic
  2850 | D:4      | Reached skill level 5 in Spellcasting
  2920 | D:4      | Noticed an ogre
  2924 | D:4      | Killed an ogre
  2924 | D:4      | Reached XP level 6. HP: 32/32 MP: 4/14
  2926 | D:4      | Noticed an ice beast
  3122 | D:4      | Killed an ice beast
  3269 | D:4      | Reached XP level 7. HP: 36/36 MP: 11/16
  3276 | D:4      | Learned a level 5 spell: Fireball
  3671 | D:4      | Killed from afar by a black bear

Vault maps used:
D:1:      lightli_arrival_statue_moat, minmay_misc_feat_cross
D:3:      uniq_natasha
D:4:      black_bear_nest_2, first_bread

Skill      XL: |  1  2  3  4  5  6 |
---------------+-------------------+-----
Conjurations   | 2 3 4 |  4.2
Spellcasting   | 4 5 6 |  6.2
Fire Magic     | 4 5 6 |  6.8
Fighting       | |  0.5
Short Blades   | |  0.6
Armour         | |  0.5
Dodging        | |  2.6
Stealth        | |  2.4
Shields        | |  0.7

Action                   |  1- 3 |  4- 6 |  7- 9 || total
-------------------------+-------+-------+-------++-------
Melee: Whip              |     3 |     4 |       ||     7
       Headbutt          |     1 |       |       ||     1
       Dagger            |       |     1 |     1 ||     2
 Cast: Flame Tongue      |    40 |    58 |    14 ||   112
       Throw Flame       |    13 |    29 |     4 ||    46
       Inner Flame       |       |       |     1 ||     1
  Use: Scroll            |     7 |     9 |       ||    16
       Potion            |     1 |       |       ||     1
 Stab: Sleeping          |       |     1 |     1 ||     2
  Eat: Chunk             |     2 |     5 |     2 ||     9
Armor: Robe              |     3 |     2 |     2 ||     7
Dodge: Dodged            |    27 |    20 |     5 ||    52
Block: Buckler           |       |       |     1 ||     1
